 Dungeon Crawl Stone Soup version 0.31-a0-1068-g5939ac1fb6 (webtiles) character file.

Game seed: 17304740155235461966

10 Melody the Grasshopper (level 2, 14/14 HPs)
             Began as a Spriggan Warper on Nov 23, 2023.
             Quit the game on level 1 of the Dungeon.
             The game lasted 00:06:52 (1087 turns).

Melody the Grasshopper (Spriggan Warper)            Turns: 1087, Time: 00:06:52

Health: 14/14      AC:  2    Str:  7    XL:     2   Next: 10%
Magic:  6/6        EV: 17    Int: 14    God:
Gold:   14         SH:  0    Dex: 14    Spells: 6/6 levels left

rFire   . . .        h - +0 sling
rCold   . . .        (no shield)
rNeg    . . .        b - +0 robe
rPois   .            (helmet restricted)
rElec   .            (no cloak)
rCorr   .            (gloves unavailable)
SInv    +            (boots unavailable)
Will    .....        (no amulet)
Stlth   +            (no ring)
HPRegen 0.22/turn    (no ring)
MPRegen 0.10/turn

%: no passive effects
@: very quick
A: very small, no large weapons, unfitting armour, see invisible, speed 3
a: no special abilities


You were on level 1 of the Dungeon.
You visited 1 branch of the dungeon, and saw 2 of its levels.

You collected 14 gold pieces.

Inventory:

Hand Weapons
 a - a +0 short sword
 g - a +0 club
 h - a +0 sling (weapon)
Missiles
 d - 7 darts of dispersal
Armour
 b - a +0 robe (worn)
Scrolls
 c - a scroll of blinking
 f - a scroll of teleportation {unknown}
Potions
 e - a potion of enlightenment {unknown}


   Skills:
 + Level 1.5 Fighting
 + Level 2.4 Short Blades
 + Level 1.2 Throwing
 + Level 3.5 Dodging
 + Level 2.7 Spellcasting
 + Level 4.6 Translocations


You had 6 spell levels left.
You didn't know any spells.
Your spell library contained the following spells:

 Spells                   Type           Power      Damage    Failure   Level
 Blink                    Tloc           28%        N/A       4%          2
 Lesser Beckoning         Tloc           28%        N/A       4%          2
 Teleport Other           Tloc           14%        N/A       10%         3
 Manifold Assault         Tloc           14%        N/A       32%         4
 Vhi's Electric Charge    Tloc/Air       16%        N/A       63%         4


Dungeon Overview and Level Annotations

Branches:
Dungeon (2/15)

Altars:


Innate Abilities, Weirdness & Mutations

You are very small and have problems with some larger weapons.
You are too small for most types of armour.
You have supernaturally acute eyesight. (SInv)
You cover ground extremely quickly. (Speed+++)


Message History

The gnoll shouts! x2; You hear a shout!
Found a stone staircase leading up.
There is a stone staircase leading up here.
You climb upwards.
There is a stone staircase leading down here.
A frilled lizard comes into view.
Found 6 stones.
Found 7 stones and 4 gold pieces.
You see here 7 stones.
Found a scroll labelled PIZE US CYDIED.
You see here 4 gold pieces.
The frilled lizard hisses angrily.
You see here a scroll labelled PIZE US CYDIED.
You see here a scroll labelled PIZE US CYDIED.
The frilled lizard hisses.
You see here 4 gold pieces.
You closely miss the frilled lizard.
The frilled lizard bites you but does no damage.
You miss the frilled lizard. The frilled lizard barely misses you.
You barely miss the frilled lizard. The frilled lizard closely misses you.
You barely miss the frilled lizard. The frilled lizard bites you.
You barely miss the frilled lizard.
You hit the frilled lizard but do no damage.
The frilled lizard misses you.
You closely miss the frilled lizard.
The frilled lizard completely misses you.
You closely miss the frilled lizard. The frilled lizard misses you.
You hit the frilled lizard.
You kill the frilled lizard!
You open the door.
There is an open door here.
Found a sling.
You see here a +0 sling.
h - a +0 sling (weapon)
You see here 6 stones.
A frilled lizard comes into view.
Unknown command.
Welcome back, Melody the Spriggan Warper.
Press ? for a list of commands and other information.
Are you sure you want to abandon this character and quit the game? (Confirm with "yes".)

...........##.#..#
....$..(...#.....#
..#+###+###...#..#
..#.# #.###.#.#..#
....# #.......#..#
##..######..#....#
#..........#(##.#
##.#####...#.##.#
#.># #.#.#.#.@#
#..# #.#.#.#..#
#... ..#.#.#..#
##.## ####.#.l..#
#.# #.#....# #.#
#.#.#### #.# #..
#.# #.# #.#


You could see a frilled lizard.

Vanquished Creatures
  2 bats (D:1)
  A goblin (D:1)
  3 jackals (D:1)
  A quokka (D:1)
  A frilled lizard (D:1)
8 creatures vanquished.

Notes
Turn   | Place    | Note
-------+----------+-------------------------------------------
     0 | D:1      | Melody the Spriggan Warper began the quest for the Orb.
     0 | D:1      | Reached XP level 1. HP: 10/10 MP: 5/5
   974 | D:1      | Reached XP level 2. HP: 14/14 MP: 6/6
  1087 | D:1      | Quit the game

Illustrated notes

Levels and vault maps discovered:
D:1:      erik_arrival_cave_to_civilisation [erik_arrival_cave_to_hall],
          layout_basic, minmay_misc_feat_more_columns
D:2:      cheibrodos_pilgrimage, layout_loops_corners, basic_ecumenical_altar,
          serial_glass, glass_columns_a, glass_columns_a

Action                     || total
---------------------------++-------
  Melee: Short sword       ||    37
 Armour: Robe              ||    12
  Dodge: Dodged            ||    37

Table legend: (Time is in decaauts)
 A = Elapsed time spent in this place.
 B = Non-inter-level travel time spent in this place.
 C = Inter-level travel time spent in this place.
 D = Time resting spent in this place.
 E = Time spent auto-exploring this place.
 F = Levels seen in this place.
 G = Mean time per level.
                   A        B        C        D        E       F      G
               +--------+--------+--------+--------+--------+-----+--------+
         Total |    985 |    941 |     44 |    800 |      0 |   2 |  492.5 |
       Dungeon |    985 |    941 |     44 |    800 |      0 |   2 |  492.5 |
               +--------+--------+--------+--------+--------+-----+--------+

Top non-repeatable levels by time:
     D:1: 980 daAuts
     D:2: 5 daAuts
